 Dungeon Crawl Stone Soup version 0.25.0-11-g1f837a76a1 (webtiles) character file.

Game seed: 15524355525170977850

638 xccam the Cutter (level 7, -7/41 HPs)
             Began as a Tengu Assassin on June 25, 2020.
             Was a Follower of Vehumet.
             Mangled by an ogre
             ... wielding a +0 giant club
              (16 damage)
             ... on level 5 of the Dungeon.
             The game lasted 00:06:10 (5296 turns).

xccam the Cutter (Tengu Assassin)                   Turns: 5296, Time: 00:06:10

Health: -7/41      AC:  4    Str: 10    XL:     7   Next: 50%
Magic:  8/8        EV: 13    Int: 13    God:    Vehumet [*.....]
Gold:   188        SH:  0    Dex: 15    Spells: 5/6 levels left

rFire    . . .     SeeInvis .   a - +2 dagger
rCold    + . .     Gourm    .   (no shield)
rNeg     . . .     Faith    .   i - +1 robe {MR+}
rPois    .         Spirit   .   (helmet restricted)
rElec    .         Reflect  .   c - +0 cloak
rCorr    .         Harm     .   (no gloves)
MR       +....                  (boots unavailable)
Stlth    +++.......             (no amulet)
HPRegen  0.13/turn              (no ring)
MPRegen  0.11/turn              (no ring)

@: no status effects
A: beak, talons 3, cold resistance 1, weak 1, able to fly
a: Fly, Renounce Religion


You were on level 5 of the Dungeon.
You worshipped Vehumet.
Vehumet was aware of your devotion.
You were not hungry.

You visited 2 branches of the dungeon, and saw 6 of its levels.

You collected 188 gold pieces.

Inventory:

Hand Weapons
 a - a +2 dagger (weapon)
Missiles
 e - 6 poisoned darts (quivered)
 k - a curare-tipped dart
Armour
 c - a +0 cloak (worn)
 i - a +1 robe of magic resistance (worn)
Wands
 t - a wand of clouds (3)
Scrolls
 b - a scroll of random uselessness {unknown}
 h - a scroll of fog
 j - a scroll of noise {unknown}
 l - 3 scrolls of identify {unknown}
 n - a scroll of immolation {unknown}
 q - a scroll of amnesia
 r - 2 scrolls of blinking {unknown}
 s - 2 scrolls of teleportation {unknown}
Potions
 d - a potion of stabbing {unknown}
 g - 2 potions of might
 m - a potion of berserk rage
 p - 4 potions of heal wounds {unknown}
Comestibles
 f - 9 rations


   Skills:
 - Level 3.5 Fighting
 + Level 6.8 Short Blades
 - Level 2.0 Throwing
 - Level 2.9 Armour
 - Level 3.3 Dodging
 - Level 4.0 Stealth


You had 5 spell levels left.
You knew the following spells:

 Your Spells              Type           Power        Failure   Level  Hunger
a - Shock                 Conj/Air       #...         30%         1    ##.....
Your spell library was empty.

Dungeon Overview and Level Annotations

Branches:
Dungeon (5/15)             Temple (1/1) D:4

Altars:
Ashenzari
Cheibriados
Dithmenos
Fedhas
Gozag
Kikubaaqudgha
Makhleb
Okawaru
Ru
Sif Muna
Uskayaw
Vehumet
Wu Jian
Yredelemnul
Zin

Shops:
D:4 (


Innate Abilities, Weirdness & Mutations

You have a beak for a mouth.
You have claws for feet.
You can fly continuously.
Your flesh is cold resistant. (rC+)
You are weak. (Str -2)


Message History

Found a stone staircase leading down.
A centaur comes into view.
The ogre looks more healthy.
The centaur shouts!
An adder comes into view.
The centaur wields a +0 shortbow of flaming.
It bursts into flame!
The centaur shoots an arrow.
The arrow completely misses you.
You hear a shout!
As you read the scroll labeled LOINEP GASONWU, it crumbles to dust.
The scroll dissolves into smoke.
It was a scroll of fog.
Okay, then.
As you read the scroll labeled KAL JUXTE UDUAKK, it crumbles to dust.
It is a scroll of amnesia.
Really abort (and waste the scroll)? [Y]es or [N]o only, please.
Really abort (and waste the scroll)?
Okay, then.
The ogre hits you with a +0 giant club!
You die...

##..(......#
###..........#
####.....<......#
.....#....#....$#
........### #####
..#......§#####
#......§§§§§#
........>.#O#§##
....s.....#§@§§#
..........###§.#
...>......# ###
..#.......#
....c....
.....S...


You could see an ogre.

Vanquished Creatures
  An ogre (D:4)
  Blork the orc (D:4)
  2 hounds (D:4)
  2 orc priests (D:3)
  2 bullfrog skeletons (D:4)
  2 centaur skeletons (D:4)
  Natasha (thrice) (D:3)
  A worker ant (D:4)
  3 adders
  2 oozes
  4 worms (D:3)
  5 dart slugs
  A leopard gecko (D:4)
  2 orcs (D:3)
  6 bats
  8 giant cockroaches
  11 goblins
  14 hobgoblins
  2 jackals (D:3)
  4 kobolds
  A ball python (D:1)
  4 frilled lizards
  2 jackal skeletons (D:4)
  A quokka skeleton (D:4)
  9 rats
93 creatures vanquished.

Vanquished Creatures (others)
  Ijyb (D:4)
1 creature vanquished.

Grand Total: 94 creatures vanquished

Notes
Turn   | Place    | Note
-------+----------+-------------------------------------------
     0 | D:1      | xccam the Tengu Assassin began the quest for the Orb.
     0 | D:1      | Reached XP level 1. HP: 12/12 MP: 2/2
   280 | D:1      | Reached XP level 2. HP: 17/17 MP: 3/3
   283 | D:1      | Reached skill level 3 in Short Blades
   723 | D:1      | Reached XP level 3. HP: 6/21 MP: 4/4
  1288 | D:2      | Reached skill level 4 in Short Blades
  1375 | D:2      | Gained mutation: You are weak. (Str -2) [potion of
                  | mutation]
  1375 | D:2      | Gained mutation: Your flesh is cold resistant. (rC+)
                  | [potion of mutation]
  1967 | D:2      | Reached XP level 4. HP: 18/26 MP: 5/5
  2076 | D:2      | You fall into a shaft and drop 2 floors!
  2076 | D:4      | Found a staircase to the Ecumenical Temple.
  2081 | Temple   | Entered the Ecumenical Temple
  2110 | Temple   | Became a worshipper of Vehumet
  2258 | D:3      | Reached skill level 5 in Short Blades
  2275 | D:3      | Gained mutation: You can fly continuously. [Tengu growth]
  2275 | D:3      | Reached XP level 5. HP: 10/30 MP: 6/6
  2582 | D:3      | Noticed Natasha
  2594 | D:3      | Killed Natasha
  2594 | D:3      | Reached skill level 6 in Short Blades
  2915 | D:3      | Noticed Natasha
  2925 | D:3      | Killed Natasha
  2933 | D:3      | Noticed Natasha
  2942 | D:3      | Killed Natasha
  3028 | D:3      | Reached skill level 1 in Armour
  3242 | D:3      | Reached * piety under Vehumet
  3242 | D:3      | Offered knowledge of Shock by Vehumet.
  3242 | D:3      | Reached XP level 6. HP: 34/35 MP: 7/7
  3251 | D:3      | Learned a level 1 spell: Shock
  4302 | D:4      | Found an opulent altar of Gozag.
  4304 | D:4      | Found a hide-covered altar of Uskayaw.
  4306 | D:4      | Found a shimmering blue altar of Sif Muna.
  4311 | D:4      | Found a snail-covered altar of Cheibriados.
  4355 | D:4      | Reached XP level 7. HP: 23/41 MP: 8/8
  4544 | D:4      | Noticed Blork the orc
  4546 | D:4      | Killed Blork the orc
  4631 | D:4      | Found a burning altar of Makhleb.
  4721 | D:4      | Found Wymmin's Antique Weapon Boutique.
  4735 | D:4      | Noticed Ijyb
  4759 | D:4      | Killed Ijyb
  5281 | D:5      | Entered Level 5 of the Dungeon
  5296 | D:5      | Mangled by an ogre

Illustrated notes

Levels and vault maps discovered:
D:1:      dpeg_arrival_arbitrary_c, layout_basic, serial_bayou_lake_a
D:2:      layout_basic
D:3:      layout_basic, first_ration, minmay_unequal, uniq_natasha
D:4:      layout_basic, grunt_temple_overflow_open,
          minmay_temple_entry_large_hall, serial_shops, nicolae_shop_trees,
          makhleb_blood_cavern_becter, uniq_blork_the_orc, uniq_ijyb
D:5:      layout_rooms, lightli_temple_of_fire, nicolae_qazlal_style_of_elements
Temple:   minmay_temple_bridge_abc

Skill      XL: |  1  2  3  4  5  6  7 |
---------------+----------------------+-----
Short Blades   | 3 4 5 6 |  6.8
Armour         | 1 2 |  2.9
Dodging        | 2 3 |  3.3
Fighting       | 3 |  3.5
Throwing       | |  2.0
Stealth        | |  4.0

Action                   |  1- 3 |  4- 6 |  7- 9 || total
-------------------------+-------+-------+-------++-------
Melee: Dagger            |    36 |   153 |    51 ||   240
       Kick              |    20 |    42 |    15 ||    77
       Peck              |    11 |    24 |     5 ||    40
       Short sword       |    51 |       |       ||    51
Throw: Dart              |       |    19 |     3 ||    22
  Use: Potion            |     3 |     2 |       ||     5
       Scroll            |     1 |       |     2 ||     3
 Stab: Sleeping          |     7 |     6 |     2 ||    15
  Eat: Chunk             |     3 |     8 |     3 ||    14
Armor: Robe              |    14 |    23 |       ||    37
Dodge: Dodged            |    47 |    55 |    25 ||   127
